 Dungeon Crawl Stone Soup version 0.30.0-7-g0c4daa9e05 (webtiles) character file.

Game seed: 10239505454732292729

22 Foic the Stinger (level 2, -1/17 (18) HPs)
             Began as an Octopode Venom Mage on May 13, 2023.
             Slain by Crazy Yiuf
             ... wielding a +4 quarterstaff of chaos
              (2 damage)
             ... on level 2 of the Dungeon.
             The game lasted 00:05:45 (1142 turns).

Foic the Stinger (Octopode Venom Mage)              Turns: 1142, Time: 00:05:46

HP:   -1/17 (18)    AC:  1    Str:  7    XL:     2   Next: 91%
MP:   13/14         EV: 13    Int: 23    God:
Gold: 90            SH:  0    Dex: 12    Spells: 2/5 levels left

rFire   . . .        e - +1 short sword (protect)
rCold   . . .        (no shield)
rNeg    . . .        (helmet restricted)
rPois   .            (no amulet)
rElec   .            n - +6 ring of intelligence
rCorr   .            o - ring of magical power
SInv    .            (no ring)
Will    .....        (no ring)
Stlth   +++          (no ring)
HPRegen 0.22/turn    (no ring)
MPRegen 0.14/turn    (no ring)
                     (no ring)

%: no passive effects
@: drained
A: almost no armour, amphibious, 8 rings, camouflage 1, gelatinous body 1,
(nimble swimmer 1), tentacles
a: no special abilities


You were on level 2 of the Dungeon.
You visited 1 branch of the dungeon, and saw 2 of its levels.

You collected 90 gold pieces.

Inventory:

Hand Weapons
 e - a +1 short sword of protection (weapon)
 k - a +1 dagger of speed
Missiles
 d - 23 stones (quivered)
Jewellery
 n - a +6 ring of intelligence (left tentacle)
 o - a ring of magical power (right tentacle)
Scrolls
 b - 2 scrolls of vulnerability {unknown}
 c - 2 scrolls of identify {unknown}
 f - a scroll of poison {unknown}
 h - a scroll of magic mapping {unknown}
 m - a scroll of enchant weapon {unknown}
Potions
 a - a potion of magic
 g - a potion of flight {unknown}
 i - a potion of heal wounds {unknown}
 j - a potion of brilliance {unknown}
 l - a potion of might {unknown}


   Skills:
 + Level 0.4 Fighting
 * Level 1.0 Short Blades
 + Level 2.1 Dodging
 * Level 3.3 Stealth
 + Level 2.1 Spellcasting
 - Level 1.0 Transmutations
 + Level 3.8 Poison Magic


You had 2 spell levels left.
You knew the following spells:

 Your Spells              Type           Power      Damage    Failure   Level
a - Sting                 Tmut/Pois      52%        1d5       4%          1
b - Poisonous Vapours     Pois/Air       22%        N/A       9%          2

Your spell library contained the following spells:

 Spells                   Type           Power      Damage    Failure   Level
 Mephitic Cloud           Conj/Pois/Air  8%         N/A       22%         3
 Olgreb's Toxic Radiance  Pois           20%        N/A       26%         4
 Freezing Cloud           Conj/Ice/Air   1%         6-21      98%         5
 Borgnjor's Revivificati  Necr           1%         N/A       100%        8
 Necromutation            Tmut/Necr      2%         N/A       100%        8
 Death's Door             Necr           1%         N/A       100%        9


Dungeon Overview and Level Annotations

Branches:
Dungeon (2/15)

Altars:

Shops:
D:1 [

Annotations:
D:2 Crazy Yiuf


Innate Abilities, Weirdness & Mutations

You cannot wear most types of armour.
You are amphibious.
You can wear up to eight rings at the same time.
Your skin changes colour to match your surroundings (Stealth+).
Your rubbery body absorbs attacks. (AC +1, EV +1)
((You are camouflaged when in or above water. (Stealth+)))
You have tentacles for arms and can constrict up to eight enemies at once.


Message History

You see here a bat corpse.
You enter the deep water.
Found a robe.
o - a ring of magical power You feel your magic capacity increase.
o - a ring of magical power (right tentacle) Magic restored.
You pick up Ashe Mienad's Cyclopedia of the Cure and Haze and begin reading...
You add the spell Freezing Cloud to your library.
Okay, then.
d - 23 stones (gained 2)
Found three hammers.
Found a runed translucent door.
Found a glowing hammer.
You open the door.
There is an open translucent door here.
The helpless Crazy Yiuf fails to defend himself.
You hit Crazy Yiuf.
Your weapon exudes an aura of protection.
You grab Crazy Yiuf. You squeeze Crazy Yiuf.
Crazy Yiuf is moderately wounded.
You constrict Crazy Yiuf, but do no damage.
Crazy Yiuf says, "Walk!"
Crazy Yiuf hits you with a +4 quarterstaff of chaos.
Crazy Yiuf freezes you.
Casting: Sting (safe; 4% risk of failure)
Confirm with . or Enter, or press ? or * to list all spells.
Aiming: Sting (safe; 4% risk of failure)
Press: ? - help, Shift-Dir - straight line, f - Crazy Yiuf
Aim: Crazy Yiuf, wielding a +4 quarterstaff of chaos and wearing a +0 cloak (moderately wounded, constricted by you, 100% to hit)
The sting hits Crazy Yiuf but does no damage.
Crazy Yiuf is poisoned.
Crazy Yiuf is moderately wounded.
You constrict Crazy Yiuf. Crazy Yiuf barely misses you.
You release your grip on Crazy Yiuf.
Crazy Yiuf attacks as you move away!
Crazy Yiuf hits you with a +4 quarterstaff of chaos!
Ouch! That really hurt!
* * * LOW HITPOINT WARNING * * *
You feel drained.
You die...

##### #).)#
#)g.# #
#)@.# .# #.
##'## .#
.#.#. ♣.♣♣
###.###.....
♣♣.♣
#...........
♣.♣♣
#........≈..
♣♣.♣
#........≈~.
♣♣.♣♣
#.........≈~
♣♣.P.♣
#..........≈
♣..PP♣
#...........


You could see Crazy Yiuf (poisoned).

Vanquished Creatures
  An adder (D:2)
  2 endoplasms (D:1)
  A giant cockroach (D:1)
  3 kobolds (D:1)
  2 bats
  3 frilled lizards
  2 rats
14 creatures vanquished.

Notes
Turn   | Place    | Note
-------+----------+-------------------------------------------
     0 | D:1      | Foic the Octopode Venom Mage began the quest for the Orb.
     0 | D:1      | Reached XP level 1. HP: 11/11 MP: 3/3
   165 | D:1      | Found Rizejoff's Armour Emporium.
   760 | D:1      | Reached XP level 2. HP: 17/17 MP: 3/5
   898 | D:2      | Reached skill level 1 in Short Blades
   898 | D:2      | Found a faded altar of an unknown god.
   964 | D:2      | Learned a level 2 spell: Poisonous Vapours
  1104 | D:2      | Got Ashe Mienad's Cyclopedia of the Cure and Haze
  1131 | D:2      | Found a runed translucent door.
  1132 | D:2      | Noticed Crazy Yiuf
  1142 | D:2      | Slain by Crazy Yiuf

Illustrated notes

Levels and vault maps discovered:
D:1:      minmay_arrival_hallway, layout_basic, serial_shops,
          nicolae_shop_real_fake_doors
D:2:      layout_basic, hellmonk_ecumenical_altar_lost_god,
          chequers_serial_rivers_small_b, nicolae_elevator_lobby_asterisk,
          uniq_crazy_yiuf_cottage, uniq_jessica

Skill      XL: |  1  2 |
---------------+-------+-----
Stealth        | 3 |  3.3
Short Blades   | 1 |  1.0
Fighting       | |  0.4
Dodging        | |  2.1
Spellcasting   | |  2.1
Transmutations | |  1.0
Poison Magic   | |  3.8

Action                     || total
---------------------------++-------
  Melee: Unarmed           ||     8
         Short sword       ||    14
         Constrict         ||     4
         Tentacles         ||     3
  Throw: Stone             ||     2
   Cast: Sting             ||     7
   Stab: Sleeping          ||     8
 Armour: Skin              ||     2
  Dodge: Dodged            ||    15
